 Dungeon Crawl Stone Soup version 0.30.0-5-g1a98f26d00 (webtiles) character file.

Game seed: 24176097978692281

140 Foic the Grasshopper (level 5, 0/26 HPs)
             Began as a Spriggan Warper on May 8, 2023.
             Slain by Sigmund
             ... wielding a +0 scythe
              (8 damage)
             ... on level 2 of the Dungeon.
             The game lasted 00:15:14 (1642 turns).

Foic the Grasshopper (Spriggan Warper)              Turns: 1642, Time: 00:15:14

Health: 0/26       AC:  2    Str:  7    XL:     5   Next: 2%
Magic:  11/11      EV: 18    Int: 14    God:
Gold:   107        SH:  0    Dex: 17    Spells: 8/10 levels left

rFire   . . .        a - +0 short sword
rCold   . . .        (no shield)
rNeg    . . .        b - +0 robe
rPois   .            (helmet restricted)
rElec   .            (no cloak)
rCorr   +            (gloves unavailable)
SInv    +            (boots unavailable)
Will    .....        (no amulet)
Stlth   +++          g - ring of resist corrosion
HPRegen 0.24/turn    (no ring)
MPRegen 0.12/turn

%: no passive effects
@: very quick
A: very small, no large weapons, unfitting armour, see invisible, speed 3
a: no special abilities


You were on level 2 of the Dungeon.
You visited 1 branch of the dungeon, and saw 2 of its levels.

You collected 107 gold pieces.

Inventory:

Hand Weapons
 a - a +0 short sword (weapon)
 e - a +0 dagger
 h - a +0 sling
Missiles
 d - 7 boomerangs of dispersal
 l - 10 stones (quivered)
Armour
 b - a +0 robe (worn)
Jewellery
 g - a ring of resist corrosion (left hand)
Scrolls
 c - 2 scrolls of blinking
 i - a scroll of vulnerability {unknown}
 j - a scroll of identify {unknown}
 k - a scroll of poison {unknown}
Potions
 f - a potion of curing {unknown}


   Skills:
 + Level 2.0 Fighting
 + Level 2.7 Short Blades
 + Level 1.7 Throwing
 + Level 4.0 Dodging
 * Level 3.9 Stealth
 + Level 3.3 Spellcasting
 + Level 5.0 Translocations


You had 8 spell levels left.
You knew the following spells:

 Your Spells              Type           Power      Damage    Failure   Level
a - Blink                 Tloc           32%        N/A       4%          2

Your spell library contained the following spells:

 Spells                   Type           Power      Damage    Failure   Level
 Lesser Beckoning         Tloc           32%        N/A       4%          2
 Teleport Other           Tloc           16%        N/A       8%          3
 Vhi's Electric Charge    Tloc/Air       18%        N/A       22%         3
 Manifold Assault         Tloc           16%        N/A       26%         4


Dungeon Overview and Level Annotations

Branches:
Dungeon (2/15)

Altars:

Shops:
D:1 (

Annotations:
D:1 shop rapier 216G
D:2 Sigmund


Innate Abilities, Weirdness & Mutations

You are very small and have problems with some larger weapons.
You are too small for most types of armour.
You have supernaturally acute eyesight. (SInv)
You cover ground extremely quickly. (Speed+++)


Message History

Sigmund is moderately wounded.
You hit Sigmund.
Sigmund is moderately wounded.
Sigmund closely misses you.
You barely miss Sigmund.
Sigmund is moderately wounded.
You closely miss Sigmund.
Sigmund is moderately wounded.
Sigmund says, "Don't worry, I'll kill you fast."
Sigmund closely misses you.
You hit Sigmund but do no damage.
Sigmund is moderately wounded.
You hit Sigmund but do no damage.
Sigmund is moderately wounded.
Sigmund misses you.
You hit Sigmund.
Sigmund is moderately wounded.
Sigmund zaps a wand.
The bolt of light misses you.
You closely miss Sigmund.
Sigmund is moderately wounded.
You hit Sigmund but do no damage.
Sigmund is moderately wounded.
Sigmund barely misses you.
You hit Sigmund but do no damage.
Sigmund is moderately wounded.
Sigmund misses you.
You closely miss Sigmund.
Sigmund is moderately wounded.
You hit Sigmund.
Sigmund is heavily wounded.
Sigmund laughs darkly.
Sigmund zaps a wand.
The bolt of light hits you!
You hit Sigmund but do no damage.
Sigmund is heavily wounded.
Sigmund points at you and mumbles some strange words.
The puff of flame hits you!
You hit Sigmund.
Sigmund is heavily wounded.
Sigmund hits you with a +0 scythe!
You die...

################## ##############
#@.....##......... ..#..........#
#@.....##.........
..#..........###.......#.........
..#..........##........+.........
.....####.......####...#.........
..#...........###................
.....#......### ................
.....#......####.................
..#.............................#
..#.............................#


You could see Sigmund.

Vanquished Creatures
  Jessica (D:1)
  6 adders
  2 dart slugs
  7 endoplasms
  A giant cockroach (D:1)
  4 goblins
  7 hobgoblins
  6 jackals (D:1)
  4 kobolds
  2 quokkas (D:2)
  5 bats (D:1)
  3 frilled lizards (D:2)
  4 rats
52 creatures vanquished.

Notes
Turn   | Place    | Note
-------+----------+-------------------------------------------
     0 | D:1      | Foic the Spriggan Warper began the quest for the Orb.
     0 | D:1      | Reached XP level 1. HP: 10/10 MP: 5/5
     3 | D:1      | Noticed an electric eel
     3 | D:1      | Noticed an electric eel
   214 | D:1      | Reached skill level 1 in Stealth
   248 | D:1      | Reached XP level 2. HP: 11/15 MP: 6/6
   251 | D:1      | Learned a level 2 spell: Blink
   405 | D:1      | Found a faded altar of an unknown god.
   456 | D:1      | Found Mecw's Antique Weapon Boutique.
   596 | D:1      | Reached XP level 3. HP: 10/18 MP: 8/8
   821 | D:2      | Noticed Jessica
   907 | D:1      | Killed Jessica
   908 | D:1      | Reached XP level 4. HP: 21/23 MP: 9/9
  1474 | D:2      | Reached skill level 5 in Translocations
  1552 | D:2      | Reached XP level 5. HP: 26/26 MP: 11/11
  1618 | D:2      | Noticed Sigmund
  1642 | D:2      | Slain by Sigmund

Illustrated notes

Levels and vault maps discovered:
D:1:      arrival_aquarium_b, layout_loops_cross, serial_shops, shop_statue,
          shapermc_ecumenical_altar_acropolis, minmay_pentomino_x4
D:2:      layout_basic, uniq_sigmund, uniq_jessica

Skill      XL: |  1  2  3  4 |
---------------+-------------+-----
Stealth        | 1 2 3 |  3.9
Spellcasting   | 3 |  3.3
Fighting       | 2 |  2.0
Dodging        | 4 |  4.0
Translocations | 5 |  5.0
Short Blades   | |  2.7
Throwing       | |  1.7

Action                     |  1- 3 |  4- 6 || total
---------------------------+-------+-------++-------
  Melee: Short sword       |   167 |   123 ||   290
         Punch             |     1 |       ||     1
  Throw: Stone             |     4 |     3 ||     7
   Cast: Blink             |       |     1 ||     1
   Stab: Sleeping          |     1 |     2 ||     3
 Armour: Robe              |    13 |     9 ||    22
  Dodge: Dodged            |   134 |    70 ||   204
